 Dungeon Crawl Stone Soup version 0.27-a0-277-g024f7ef292 (webtiles) character file.

Game seed: 4602968603582507235

45847 HendSelp the Impaler (level 14, -2/118 HPs)
             Began as a Merfolk Gladiator on Feb 5, 2021.
             Was the Champion of the Shining One.
             Slain by Jorgrun
             ... wielding a +0 vorpal quarterstaff
              (6 damage)
             ... while petrified by a catoblepas
             ... on level 15 of the Dungeon.
             The game lasted 00:32:51 (20586 turns).

HendSelp the Impaler (Merfolk Gladiator)           Turns: 20586, Time: 00:32:51

Health: -2/118     AC: 21    Str: 19    XL:     14   Next: 34%
Magic:  15/15      EV: -1    Int: 10    God:    the Shining One [******]
Gold:   1009       SH:  0    Dex: 15    Spells: 13/13 levels left

rFire    + + .     SeeInvis .   H - +6 halberd (protect)
rCold    . . .     Faith    .   (shield currently unavailable)
rNeg     + + +     Spirit   .   v - +5 ring mail
rPois    ∞         Reflect  +   c - +0 helmet
rElec    .         Harm     .   N - +2 cloak {Will+}
rCorr    .         Rampage  .   D - +0 pair of gloves
Will     ++...                  (no boots)
Stlth    +.........             g - amulet of reflection
HPRegen  0.29/turn              p - ring of Karal {rF++ rN+ Int+2}
MPRegen  0.14/turn              n - +4 ring of protection

@: petrified, grasped by roots, glowing, constricted
A: change form in water, swift swim, stealthy swim
a: Renounce Religion, Divine Shield, Cleansing Flame, Summon Divine Warrior,
Brand Weapon With Holy Wrath


You were on level 15 of the Dungeon.
You worshipped the Shining One.
The Shining One was exalted by your worship.
You visited 2 branches of the dungeon, and saw 16 of its levels.
You also visited: Sewer and Ice Cave.

You collected 1159 gold pieces.
You spent 150 gold pieces at shops.

Inventory:

Hand Weapons
 w - a +0 glaive
 H - a +6 halberd of protection (weapon)
Missiles
 d - 2 throwing nets (quivered)
 k - 84 poisoned darts
 z - 5 boomerangs of dispersal
 I - 10 atropa-tipped darts
Armour
 c - a +0 helmet (worn)
 h - the cursed +1 plate armour "Qipum" {rF+}
   (You found it in an ice cave)

   It protects you from fire.
   It has a curse placed upon it.
 v - a +5 ring mail (worn)
 D - a +0 pair of gloves (worn)
 J - a +3 chain mail of fire resistance
 N - a +2 cloak of willpower (worn)
Jewellery
 g - an amulet of reflection (around neck)
 m - an uncursed ring of protection from cold
 n - a +4 ring of protection (right hand)
 p - the ring of Karal (left hand) {rF++ rN+ Int+2}
   (You found it in an ice cave)

   [ring of positive energy]

   It affects your intelligence (+2).
   It greatly protects you from fire.
   It protects you from negative energy.
 L - a +4 ring of evasion
Wands
 a - a wand of acid (9)
 o - a wand of iceblast (15)
 C - a wand of flame (52)
 K - a wand of paralysis (12)
 M - a wand of polymorph (9)
Scrolls
 b - 9 scrolls of teleportation
 j - 2 scrolls of blinking
 r - 3 scrolls of remove curse
 x - a scroll of fear
 y - 3 scrolls of identify
 E - a scroll of amnesia
 O - a scroll of vulnerability {unknown}
 P - a scroll of silence {unknown}
Potions
 e - 3 potions of attraction
 f - a potion of brilliance
 i - 6 potions of degeneration
 l - 5 potions of ambrosia
 q - a potion of lignification
 s - 3 potions of resistance
 t - a potion of magic
 u - 8 potions of curing
 A - a potion of flight
 B - a potion of haste
 F - 2 potions of invisibility
 G - a potion of might


   Skills:
 + Level 13.2 Fighting
 + Level 19.7 Polearms
 - Level 2.0 Throwing
 + Level 6.3 Armour
 * Level 15.9 Dodging
 + Level 2.0 Invocations
 + Level 2.1 Evocations


You had 13 spell levels left.
You didn't know any spells.
Your spell library contained the following spells:

 Spells                   Type           Power        Failure   Level
 Animate Skeleton         Necr           0%           52%         1
 Magic Dart               Conj           0%           52%         1
 Pain                     Necr           0%           52%         1
 Shock                    Conj/Air       0%           52%         1
 Sting                    Tmut/Pois      0%           52%         1
 Summon Small Mammal      Summ           0%           52%         1
 Blink                    Tloc           N/A          67%         2
 Call Imp                 Summ           0%           67%         2
 Poisonous Vapours        Pois/Air       0%           67%         2
 Slow                     Hex            0%           67%         2
 Swiftness                Air            0%           67%         2
 Call Canine Familiar     Summ           0%           88%         3
 Conjure Flame            Conj/Fire      0%           88%         3
 Ignite Poison            Fire/Tmut/Pois 0%           88%         3
 Mephitic Cloud           Conj/Pois/Air  0%           88%         3
 Static Discharge         Conj/Air       0%           88%         3
 Summon Guardian Golem    Hex/Summ       0%           88%         3
 Vampiric Draining        Necr           0%           88%         3
 Airstrike                Air            0%           99%         4
 Animate Dead             Necr           0%           99%         4
 Cause Fear               Hex            0%           99%         4
 Ice Form                 Ice/Tmut       0%           99%         4
 Olgreb's Toxic Radiance  Pois           0%           99%         4
 Summon Ice Beast         Ice/Summ       0%           99%         4
 Summon Lightning Spire   Summ/Air       0%           99%         4
 Agony                    Necr           0%           100%        5
 Lightning Bolt           Conj/Air       0%           100%        5
 Metabolic Englaciation   Hex/Ice        0%           100%        5
 Silence                  Hex/Air        0%           100%        5
 Yara's Violent Unravell  Hex/Tmut       0%           100%        5
 Freezing Cloud           Conj/Ice/Air   0%           100%        6
 Simulacrum               Ice/Necr       0%           100%        6
 Ozocubu's Refrigeration  Ice            0%           100%        7
 Discord                  Hex            0%           100%        8


Dungeon Overview and Level Annotations

Branches:
Dungeon (15/15)            Temple (1/1) D:5            Lair (0/6) D:8
    Orc (0/2) D:12         Vaults (0/5) D:13          Sewer (visited)
  IceCv (visited)
 Depths: D:15

Altars:
Ashenzari
Cheibriados
Dithmenos
Elyvilon
Fedhas
Gozag
Hepliaklqana
Kikubaaqudgha
Makhleb
Nemelex Xobeh
Okawaru
Qazlal
Ru
Sif Muna
Trog
Uskayaw
Vehumet
Wu Jian
Xom
Yredelemnul
Zin
The Shining One

Shops:
D:12 *

Portals:
Trove: D:11 (give +6 demon trident)

Annotations:
D:15 Jorgrun


Message History

The bullfrog hits you but does no damage.
The catoblepas gores you. The wolf spider zombie hits you!
* * * LOW HITPOINT WARNING * * *
The wolf spider zombie bites you.
* * * LOW HITPOINT WARNING * * *
The cyclops barely misses you. The bullfrog hits you.
Jorgrun gestures at you while chanting.
Roots burst forth from the earth!
The grasping roots grab you!
* * * LOW HITPOINT WARNING * * *
The grasping roots constrict you!!
The bullfrog hits you but does no damage.
The wolf spider zombie hits you but does no damage.
The wolf spider zombie bites you but does no damage.
The catoblepas gores you.
* * * LOW HITPOINT WARNING * * *
The cyclops hits you!!
* * * LOW HITPOINT WARNING * * *
Jorgrun hits you with a +0 vorpal quarterstaff!
You die...

##########
##........##
...........#
.........<.#
.....[..:..#
......FZY..#
......C@g..#
.#........<#
###.......#
##..$...#
####...#
#####


You could see Jorgrun, a catoblepas, a cyclops, a bullfrog and a wolf spider
zombie.

Vanquished Creatures
  Gastronok (D:8)
  A frost giant (IceCv)
  A boulder beetle (D:13)
  Erolcha (D:13)
  An ice dragon (D:13)
  2 hydras
  An ogre mage (D:14)
  A centaur warrior (D:13)
  A catoblepas (D:14)
  A death knight (D:14)
  8 two-headed ogres
  A death yak (IceCv)
  A tengu warrior (D:14)
  7 skeletal warriors (D:14)
  2 unseen horrors
  A necromancer (D:13)
  A wizard (D:13)
  A deep elf pyromancer (D:14)
  An ugly thing (D:13)
  A manticore (D:14)
  2 cyclopes
  3 centaur zombies
  Maurice (D:13)
  An ice statue (IceCv)
  5 gargoyles
  Maggie (D:8)
  A rime drake (IceCv)
  A kobold demonologist (D:14)
  2 freezing wraiths (D:14)
  15 polar bears (IceCv)
  7 trolls
  2 shadows
  3 vampires
  4 wraiths
  19 yaks
  A human (D:8)
  3 hogs (D:8)
  2 soldier ants
  An acid dragon (D:8)
  A water moccasin (D:12)
  4 orc warriors
  4 ice beasts
  8 sky beasts
  2 black bears
  2 ogres
  14 centaurs
  10 wolves (IceCv)
  5 phantoms
  6 big kobolds
  11 bullfrogs
  A gnoll sergeant (D:8)
  7 scorpions
  A wyvern zombie (D:10)
  17 killer bees
  2 howler monkeys
  A troll zombie (D:12)
  13 wights
  A quasit (D:11)
  2 bullfrog zombies (D:13)
  4 jellies
  7 hounds
  7 orc priests
  A bullfrog skeleton (D:4)
  3 centaur skeletons
  14 worker ants
  7 orc wizards
  A killer bee zombie (D:10)
  5 ogre zombies (D:12)
  A hound skeleton (D:4)
  A howler monkey zombie (D:11)
  A worker ant zombie (D:8)
  8 gnolls
  13 adders
  2 howler monkey skeletons
  2 shadow imps
  2 white imps
  11 oozes
  2 adder skeletons
  2 worms
  3 dart slugs
  12 leopard geckos
  38 orcs
  6 bats
  13 giant cockroaches
  4 goblins
  2 hobgoblins
  9 jackals
  26 kobolds
  A quokka (D:8)
  12 ball pythons
  12 frilled lizards
  2 goblin skeletons (D:12)
  2 hobgoblin skeletons (D:12)
  15 orc zombies (D:12)
  2 quokka zombies
  9 rats
483 creatures vanquished.

Vanquished Creatures (collateral kills)
  A polar bear (IceCv)
1 creature vanquished.

Vanquished Creatures (others)
  A polar bear (IceCv)
  A wolf (IceCv)
2 creatures vanquished.

Grand Total: 486 creatures vanquished

Notes
Turn   | Place    | Note
-------+----------+-------------------------------------------
     0 | D:1      | HendSelp the Merfolk Gladiator began the quest for the Orb.
     0 | D:1      | Reached XP level 1. HP: 16/16 MP: 1/1
   118 | D:1      | Reached XP level 2. HP: 22/22 MP: 2/2
   285 | D:1      | Reached skill level 5 in Polearms
   777 | D:1      | Reached XP level 3. HP: 28/28 MP: 3/3
  1025 | D:2      | Found a faded altar of an unknown god.
  1047 | D:2      | Became a worshipper of the Shining One
  1047 | D:2      | Reached * piety under the Shining One
  1110 | D:1      | Reached XP level 4. HP: 10/34 MP: 4/4
  1430 | D:2      | Reached skill level 6 in Polearms
  1430 | D:2      | Reached skill level 5 in Dodging
  2016 | D:2      | Found a hazy altar of Hepliaklqana.
  2190 | D:2      | Reached XP level 5. HP: 40/40 MP: 5/5
  2228 | D:2      | You fall into a shaft and drop 2 floors!
  2392 | D:4      | Reached skill level 7 in Polearms
  2612 | D:4      | Noticed an ogre
  2622 | D:4      | Killed an ogre
  2623 | D:4      | Reached skill level 8 in Polearms
  2623 | D:4      | Reached XP level 6. HP: 19/47 MP: 6/6
  2706 | D:3      | Found a glowing drain.
  2719 | Sewer    | Entered a sewer
  2927 | Sewer    | Reached ** piety under the Shining One
  3191 | Sewer    | Reached skill level 9 in Polearms
  3191 | Sewer    | Reached XP level 7. HP: 45/54 MP: 7/7
  4340 | D:4      | Found a snail-covered altar of Cheibriados.
  4544 | D:4      | Found a radiant altar of Vehumet.
  4618 | D:5      | Entered Level 5 of the Dungeon
  4651 | D:5      | Reached skill level 10 in Polearms
  4710 | D:5      | Found a staircase to the Ecumenical Temple.
  4741 | Temple   | Entered the Ecumenical Temple
  5168 | D:5      | Reached XP level 8. HP: 54/61 MP: 8/8
  5227 | D:5      | Reached skill level 5 in Fighting
  5245 | D:5      | Reached skill level 11 in Polearms
  5902 | D:6      | Found a basalt altar of Yredelemnul.
  6116 | D:6      | Reached skill level 12 in Polearms
  6736 | D:7      | Reached XP level 9. HP: 57/69 MP: 9/9
  6805 | D:7      | Reached *** piety under the Shining One
  7000 | D:7      | Reached skill level 13 in Polearms
  7514 | D:8      | Noticed Maggie
  7518 | D:8      | Reached skill level 1 in Armour
  7527 | D:8      | Killed Maggie
  8261 | D:8      | Found a staircase to the Lair.
  8324 | D:8      | Reached skill level 14 in Polearms
  8324 | D:8      | Reached skill level 1 in Evocations
  8382 | D:8      | Found the +18 shield of the Gong {rElec rN+ Will+ EV-5}
  8393 | D:8      | Found a glowing silver altar of Zin.
  8503 | D:8      | Noticed Gastronok
  8529 | D:8      | Killed Gastronok
  8530 | D:8      | Reached skill level 15 in Polearms
  8530 | D:8      | Reached XP level 10. HP: 13/80 MP: 10/10
  9120 | D:8      | Found a glowing silver altar of Zin.
  9325 | D:9      | Noticed a two-headed ogre
  9337 | D:9      | Killed a two-headed ogre
  9463 | D:9      | Reached **** piety under the Shining One
  9849 | D:9      | Reached skill level 16 in Polearms
  9849 | D:9      | Reached XP level 11. HP: 87/87 MP: 11/11
  9965 | D:9      | Reached skill level 10 in Dodging
 10705 | D:10     | Entered Level 10 of the Dungeon
 11124 | D:10     | Noticed an unseen horror
 11131 | D:10     | Killed an unseen horror
 11581 | D:11     | Reached ***** piety under the Shining One
 11582 | D:11     | Noticed a two-headed ogre
 11598 | D:11     | Killed a two-headed ogre
 12139 | D:11     | Reached skill level 10 in Fighting
 12177 | D:11     | Found a portal to a secret trove of treasure.
 12385 | D:11     | Reached XP level 12. HP: 97/97 MP: 12/12
 12683 | D:11     | Reached skill level 17 in Polearms
 12919 | D:12     | Noticed an eight-headed hydra
 12935 | D:12     | HP: 1/97 [17-headed hydra (14)]
 12938 | D:12     | Killed a 17-headed hydra
 13353 | D:12     | Noticed a two-headed ogre
 13361 | D:12     | Killed a two-headed ogre
 13414 | D:12     | Found a staircase to the Orcish Mines.
 14053 | D:12     | Reached ****** piety under the Shining One
 14143 | D:12     | Noticed a two-headed ogre
 14151 | D:12     | Killed a two-headed ogre
 14152 | D:12     | Reached skill level 5 in Armour
 14185 | D:12     | Found Bereh's Assorted Antiques.
 14197 | D:12     | Bought a scroll of identify for 50 gold pieces
 14197 | D:12     | Bought a scroll of identify for 50 gold pieces
 14197 | D:12     | Bought a scroll of identify for 50 gold pieces
 14497 | D:13     | Found a frozen archway.
 14511 | IceCv    | Entered an ice cave
 15425 | IceCv    | Got an ancient plate armour
 15451 | IceCv    | Reached skill level 18 in Polearms
 15634 | IceCv    | Reached XP level 13. HP: 106/106 MP: 13/13
 16030 | IceCv    | Noticed a frost giant
 16057 | IceCv    | Killed a frost giant
 16125 | IceCv    | Got a shimmering lapis lazuli ring
 16149 | IceCv    | Identified the ring of Karal {rF++ rN+ Int+2} (You found it
                  | in an ice cave)
 16559 | D:13     | Identified the cursed +1 plate armour "Qipum" {rF+} (You
                  | found it in an ice cave)
 16589 | D:13     | Noticed an ice dragon
 16604 | D:13     | Killed an ice dragon
 16614 | D:13     | Reached skill level 19 in Polearms
 16772 | D:13     | Found a gate to the Vaults.
 17513 | D:13     | Noticed Erolcha
 17522 | D:13     | Killed Erolcha
 17644 | D:13     | Noticed Maurice
 17654 | D:13     | Killed Maurice
 18112 | D:14     | Reached skill level 15 in Dodging
 18157 | D:14     | Reached skill level 1 in Invocations
 18445 | D:14     | Reached XP level 14. HP: 100/116 MP: 14/14
 19746 | D:14     | Found a bloodstained altar of Trog.
 20018 | D:15     | Entered Level 15 of the Dungeon
 20019 | D:15     | Noticed Jorgrun
 20586 | D:15     | HP: 4/118 [cyclops (12)]
 20586 | D:15     | Slain by Jorgrun

Illustrated notes

Levels and vault maps discovered:
D:1:      sevenhm_arrival_forest_fort_large_4, layout_loops_ring
D:2:      layout_basic, nzn_hepliaklqana_mist_gate,
          chequers_ecumenical_altar_simple_redux, uniq_sigmund
D:3:      layout_loops_ring, cheibrodos_sewer_entry_drain, serial_rivers,
          chequers_serial_rivers_room_a, chequers_serial_rivers_room_b,
          chequers_serial_rivers_small_3, chequers_serial_rivers_small_b,
          chequers_serial_rivers_micro_a
D:4:      layout_loops_ring, marbit_many_paths, kennysheep_slug_shrine
D:5:      layout_basic, temple_doors_e, grunt_ministairs_14
D:6:      layout_basic, lemuel_doored_altar
D:7:      layout_basic, grunt_decor_clamped, amcnicky_mini_rare_corridor_liquid,
          minmay_door_square
D:8:      layout_basic, zin_treasury, dpeg_oklobed_lair, grunt_livestock,
          small_chamber_with_monster, kennysheep_flooded_box,
          blue_anna_alchemist [blue_anna_fruit_fields, blue_anna_fruit_fields],
          uniq_gastronok, uniq_maggie
D:9:      layout_basic
D:10:     layout_rooms, grunt_decor_one_mirror
D:11:     layout_basic, serial_rivers, chequers_serial_rivers_micro_e,
          chequers_serial_rivers_micro_e, chequers_serial_rivers_large_b,
          chequers_serial_rivers_small_3, chequers_serial_rivers_room_b,
          chequers_serial_rivers_room_b, nicolae_trove_entry_crossroad
D:12:     layout_cave_pods, zombieorc1_lemuel, serial_shops, shop
D:13:     layout_irregular_city, david_vaults_4,
          portal_ice_cave_entry_pillars_2, minmay_librarian, uniq_erolcha,
          uniq_maurice
D:14:     layout_loops_corners, lemuel_statue_altar, grunt_ministairs_13
D:15:     grunt_enter_depths_giant_problem, layout_cave_pods,
          minmay_misc_feat_alley, uniq_jorgrun
Temple:   regret_index_temple_mists

Skill      XL: |  1  2  3  4  5  6  7  8  9 10 11 12 13 14 |
---------------+-------------------------------------------+-----
Polearms       | 5 6 8 9 10 12 15 16 18 19 | 19.7
Dodging        | 5 6 7 9 12 13 15 | 15.9
Fighting       | 3 4 6 7 8 10 11 12 13 | 13.2
Armour         | 2 3 4 5 6 |  6.3
Evocations     | 1 2 |  2.1
Invocations    | 1 2 |  2.0
Throwing       | |  2.0

Action                   |  1- 3 |  4- 6 |  7- 9 | 10-12 | 13-15 || total
-------------------------+-------+-------+-------+-------+-------++-------
Melee: Trident           |    80 |   229 |   253 |   266 |       ||   828
       Tailslap          |       |     4 |     1 |     7 |     9 ||    21
       Glaive            |       |       |    68 |       |       ||    68
       Halberd           |       |       |       |   495 |   471 ||   966
Throw: Throwing net      |       |       |     1 |       |       ||     1
Invok: Cleansing Flame   |       |       |       |     1 |     2 ||     3
Evoke: Wand              |       |       |     8 |     3 |     1 ||    12
  Use: Scroll            |       |     4 |    18 |    12 |     9 ||    43
       Potion            |       |     1 |       |     3 |       ||     4
 Stab: Sleeping          |     2 |       |       |       |       ||     2
Armor: Leather armour    |     8 |       |       |       |       ||     8
       Ring mail         |    16 |    67 |    59 |   219 |   290 ||   651
Dodge: Dodged            |    45 |   137 |   115 |   544 |   573 ||  1414
Block: Other             |       |       |       |       |     7 ||     7

Table legend: (Time is in decaauts)
 A = Elapsed time spent in this place.
 B = Non-inter-level travel time spent in this place.
 C = Inter-level travel time spent in this place.
 D = Time resting spent in this place.
 E = Time spent auto-exploring this place.
 F = Levels seen in this place.
 G = Mean time per level.
                   A        B        C        D        E       F      G
               +--------+--------+--------+--------+--------+-----+--------+
         Total |  19886 |  19233 |    653 |   4169 |  11866 |  18 | 1104.8 |
       Dungeon |  17245 |  16592 |    653 |   3464 |  10687 |  15 | 1149.7 |
        Temple |    189 |    189 |      0 |      0 |     70 |   1 |  189.0 |
         Sewer |    600 |    600 |      0 |      0 |    423 |   1 |  600.0 |
      Ice Cave |   1851 |   1851 |      0 |    705 |    685 |   1 | 1851.0 |
               +--------+--------+--------+--------+--------+-----+--------+

Top non-repeatable levels by time:
    D:14: 2164 daAuts
   IceCv: 1851 daAuts
     D:8: 1775 daAuts
     D:9: 1589 daAuts
    D:11: 1585 daAuts
    D:13: 1544 daAuts
    D:12: 1541 daAuts
     D:1: 1467 daAuts
     D:7: 1040 daAuts
     D:5: 910 daAuts
     D:4: 901 daAuts
     D:3: 791 daAuts
     D:2: 766 daAuts
     D:6: 665 daAuts
   Sewer: 600 daAuts
